 Dungeon Crawl Stone Soup version 0.17.1-2-g5865329 (webtiles) character file.

217 NobbyNobbs the Shield-Bearer (level 5, -11/33 HPs)
             Began as a Gargoyle Fighter on Feb 1, 2016.
             Killed by divine providence
             ... invoked by an orc priest
              (17 damage)
             ... on level 3 of the Dungeon.
             The game lasted 00:03:10 (1972 turns).

NobbyNobbs the Shield-Bearer (Gargoyle Fighter)     Turns: 1972, Time: 00:03:10

Health: -11/33     AC: 15    Str: 24    XL:     5   Next: 94%
Magic:  5/5        EV:  8    Int:  8    God:
Gold:   109        SH: 10    Dex:  9    Spells: 0 memorised, 4 levels left

rFire  . . .     SeeInvis .     a - +1 flail
rCold  . . .     Clarity  .     b - +0 scale mail
rNeg   + . .     SustAt   .     c - +0 shield
rPois  ∞         Gourm    .     g - +0 helmet (curse)
rElec  +         Spirit   .     (no cloak)
rCorr  .         Warding  .     o - +2 pair of gloves {Str+3}
rMut   .         Stasis   .     (no boots)
MR     .....                    (no amulet)
Stlth  ..........               (no ring)
                                (no ring)

@: not resistant to hostile enchantments, extremely unstealthy
A: negative energy resistance 1, electricity resistance, unbreathing,
petrification resistance, rot immunity, AC +4
a: no special abilities


You were on level 3 of the Dungeon.
You were not hungry.

You visited 1 branch of the dungeon, and saw 3 of its levels.

You collected 109 gold pieces.

Inventory:

Hand Weapons
 a - a +1 flail (weapon)
Armour
 b - a +0 scale mail (worn)
 c - a +0 shield (worn)
 g - a cursed +0 helmet (worn)
 o - a +2 pair of gloves of strength (worn)
Jewellery
 f - an uncursed ring of protection from cold {unknown}
 i - a +5 ring of dexterity {unknown}
Scrolls
 j - a scroll of random uselessness {unknown}
 n - a scroll of recharging {unknown}
Potions
 d - 3 potions of might
 k - 2 potions of brilliance
 l - a potion of lignification {unknown}
 m - 2 potions of curing {unknown}
 p - a potion of poison {unknown}
 r - a potion of degeneration {unknown}
Comestibles
 e - 3 bread rations
 h - 2 meat rations


   Skills:
 * Level 4.2 Fighting
 + Level 2.8 Maces & Flails
 + Level 4.0 Armour
 + Level 2.0 Dodging
 + Level 0.5 Stealth
 + Level 4.5 Shields


You had 4 spell levels left.
You didn't know any spells.

Dungeon Overview and Level Annotations

Branches:
Dungeon (3/15)

Altars:
Kikubaaqudgha


Innate Abilities, Weirdness & Mutations

You are resistant to torment.
Your stone body is resilient (AC +4).
You are immune to poison.
You resist negative energy.
You are resistant to electric shocks.
You can survive without breathing.
You are immune to petrification.
You are immune to rotting.


Message History

The orc priest invokes the aid of Beogh against you.
Something smites you!
An orc comes into view. It is wielding a short sword.
The orc shouts!
The orc priest calls down the wrath of Beogh upon you.
Something smites you!
* * * LOW HITPOINT WARNING * * *
An orc comes into view. It is wielding a dagger.
A kobold comes into view.
You hear some strange, mumbled words.
The orc throws a tomahawk.
The tomahawk hits you but does no damage.
The orc priest calls down the wrath of Beogh upon you.
You barely resist.
You see here a tomahawk.
The orc throws a tomahawk.
You block the tomahawk.
The orc priest calls down the wrath of Beogh upon you.
Something smites you!
Ouch! That really hurt!
You die...

#.# .♣♣ #.# ..♣ #.# ♣.♣
#######.# ♣.♣ #.....#.# ♣.♣
####.....#.# ♣.♣♣
##.)........# ♣♣..♣
............####♣(..###.
...............#@..K.oK....
..........#.......#....S...
..........#....^.....or....
........)......##.#..o.oo..
.....................o....o
...........................
.....>.#..........#........
.......#..........#...(.
........................


You could see an orc priest, an adder, 4 orcs, 2 kobolds and a rat.

Vanquished Creatures
  A phantom (D:3)
  Natasha (twice) (D:2)
  4 adders
  An ooze (D:2)
  3 worms
  2 giant geckos (D:2)
  4 bats
  A giant cockroach (D:1)
  7 goblins
  5 hobgoblins
  3 jackals (D:1)
  2 quokkas (D:2)
  3 giant newts
  8 kobolds
  3 rats (D:1)
49 creatures vanquished.

Notes
Turn   | Place    | Note
--------------------------------------------------------------
     0 | D:1      | NobbyNobbs the Gargoyle Fighter began the quest for the Orb.
     0 | D:1      | Reached XP level 1. HP: 14/14 MP: 1/1
   159 | D:1      | Reached XP level 2. HP: 16/19 MP: 2/2
   710 | D:2      | Reached XP level 3. HP: 23/23 MP: 3/3
   943 | D:2      | Noticed Natasha
   950 | D:2      | Killed Natasha
   950 | D:2      | Reached skill level 1 in Dodging
   950 | D:2      | Reached skill level 4 in Shields
   950 | D:2      | Reached XP level 4. HP: 18/29 MP: 4/4
  1314 | D:2      | Found an ancient bone altar of Kikubaaqudgha.
  1694 | D:2      | Noticed Natasha
  1699 | D:2      | Killed Natasha
  1832 | D:3      | Reached XP level 5. HP: 31/33 MP: 5/5
  1886 | D:3      | Noticed a phantom
  1918 | D:3      | Killed a phantom
  1972 | D:3      | Killed from afar by an orc priest

Action                   |  1- 3 |  4- 6 || total
-------------------------+-------+-------++-------
Melee: Flail             |   129 |    91 ||   220
  Use: Scroll            |       |     3 ||     3
  Eat: Chunk             |       |     4 ||     4
